Match 41655959
Unlisted

Match 41655959
End
Construct Barracks
Selects Heavy Weapons
Riflemen Squad
Riflemen Squad
M1 Mortar Team
Selects M2HB .50cal Heavy Machine Gun
Mechanized Support Center
Construct Weapon Support Center
Riflemen Squad
Selects Assault Carriers
M1918 Browning Automatic Rifles
M1919 Machine Gun Team
Bazooka Squad
Construct Medical Station
Selects Rapid Reposition
Bazooka Squad
Riflemen Squad
Construct Tank Depot
Selects Bolstered Team Weapons
M18 Hellcat Tank Destroyer
Riflemen Squad
Selects Halftrack Strongpoints
Engineer Squad
Designate Forward Repair Station
Grenade Package
M18 Hellcat Tank Destroyer
Selects Towed M5 3-inch Anti-tank Gun
Improved M9 Bazooka Rockets
Selects M26 Pershing Heavy Tank
Engineer Squad
M26 Pershing Heavy Tank
M1919 Machine Gun Team
Riflemen Squad
Riflemen Squad
M18 Hellcat Tank Destroyer
XizozR
Grand.G
0
0

Comments sign in to comment!

No comments posted yet!